 Dungeon Crawl Stone Soup version 0.23.2-40-g277498a (webtiles) character file.

Game seed: 9200467782590152099

6268 Balder the Basher (level 10, -11/90 HPs)
             Began as a Minotaur Fighter on Sept 16, 2019.
             Was an Elder of Okawaru.
             Killed from afar by a raiju (23 damage)
             ... with a living lightning
             ... on level 1 of the Abyss.
             The game lasted 00:48:15 (8980 turns).

Balder the Basher (Minotaur Fighter)                Turns: 8980, Time: 00:48:15

Health: -11/90     AC: 18    Str: 26      XL:     10   Next: 62%
Magic:  0/9        EV:  8    Int:  3 (5)  God:    Okawaru [****..]
Gold:   341        SH: 12    Dex: 12 (13) Spells: 9/9 levels left

rFire    . . .     SeeInvis .   a - +0 morningstar
rCold    . . .     Gourm    .   c - +0 shield
rNeg     + . .     Faith    .   M - +0 plate armour {rN+}
rPois    .         Spirit   +   x - +2 hat
rElec    .         Reflect  .   (no cloak)
rCorr    .         Harm     .   r - +0 pair of gloves
MR       .....     Rnd*Tele +   s - +0 pair of boots
Stlth    ..........             y - amulet of guardian spirit
HPRegen  0.25/turn              (no ring)
MPRegen  0.11/turn              (no ring)

@: berserking, very quick
A: retaliatory headbutt, horns 2, deterioration 1[+1], frail 1[+2], screaming 1,
[teleportitis 2]
a: Heroism, Renounce Religion


You were on level 1 of the Abyss.
You worshipped Okawaru.
Okawaru was greatly pleased with you.
You were not hungry.

You visited 2 branches of the dungeon, and saw 10 of its levels.
You visited the Abyss 1 time.

You collected 461 gold pieces.
You spent 120 gold pieces at shops.

Inventory:

Hand Weapons
 a - a +0 morningstar (weapon)
 b - a +0 hunting sling
 d - a +4 mace
 g - a +4 halberd of freezing
 B - a +0 trident
 F - a +1 flail
 I - a +0 whip of electrocution
 J - a +2 whip of venom
 K - a +0 falchion of flaming
 L - a -1 demon whip
Missiles
 o - 24 poisoned needles
 A - a steel tomahawk (quivered)
 E - 18 sling bullets
Armour
 c - a +0 shield (worn)
 r - a +0 pair of gloves (worn)
 s - a +0 pair of boots (worn)
 x - a +2 hat (worn)
 C - a +1 chain mail of poison resistance
 M - a +0 plate armour of positive energy (worn)
Jewellery
 n - an uncursed amulet of harm {unknown}
 y - an amulet of guardian spirit (around neck)
 G - an uncursed ring of flight
Wands
 v - a wand of iceblast (2)
 N - a wand of random effects (11)
 O - a wand of flame (14)
Scrolls
 k - 4 scrolls of teleportation
 l - a scroll of fog
 m - 3 scrolls of identify
 p - 2 scrolls of magic mapping
 w - 3 scrolls of remove curse
Potions
 e - 3 potions of curing
 h - a potion of lignification
 i - a potion of ambrosia {unknown}
 j - a potion of magic
 q - 2 potions of brilliance {unknown}
 t - a potion of mutation {unknown}
 u - a potion of berserk rage
 z - a potion of flight {unknown}
 D - a potion of heal wounds {unknown}
Comestibles
 f - 14 rations


   Skills:
 * Level 7.6 Fighting
 * Level 10.8 Maces & Flails
 * Level 4.7 Polearms
 * Level 4.1(4.9) Slings
 * Level 3.4(4.3) Throwing
 * Level 8.1 Armour
 * Level 5.3 Dodging
 + Level 0.1 Stealth
 * Level 8.5 Shields
 + Level 0.3 Evocations


You had 9 spell levels left.
You didn't know any spells.
Your spell library contained the following spells:

 Spells                   Type           Power        Failure   Level  Hunger
 Corona                   Hex            #......      100%        1    ##.....
 Ensorcelled Hibernation  Hex/Ice        #.....       100%        2    ###....
 Confuse                  Hex            #.......     100%        3    ####...
 Dazzling Spray           Conj/Hex       #.....       100%        3    ####...
 Tukima's Dance           Hex            #.......     100%        3    ####...


Dungeon Overview and Level Annotations

Branches:
Dungeon (9/15)             Temple (1/1) D:6
   Lair: D:8-11         Orc: D:9-12

Altars:
Ashenzari
Cheibriados
Dithmenos
Elyvilon
Fedhas
Gozag
Hepliaklqana
Kikubaaqudgha
Makhleb
Nemelex Xobeh
Okawaru
Qazlal
Sif Muna
Trog
Uskayaw
Vehumet
Wu Jian
Yredelemnul
The Shining One

Shops:
D:4 *   D:6 %   D:7 *

Annotations:
D:3 1 runed translucent door, hawla's ghost, amateur OpFE


Innate Abilities, Weirdness & Mutations

You reflexively headbutt those who attack you in melee.
You have a pair of horns on your head.
You occasionally shout uncontrollably at your foes.
[Your body often deteriorates upon taking damage.]
[You are extremely frail. (-30% HP)]
[You are sometimes teleported next to monsters.]


Message History

* * * LOW HITPOINT WARNING * * *
Unknown command.
A red film seems to cover your vision as you go berserk!
You feel yourself moving faster!
You feel mighty! You block the raiju's attack.
You bludgeon the raiju!!
The raiju is heavily wounded.
You block the raiju's attack.
You closely miss the raiju.
The raiju is heavily wounded.
The raiju bursts into living lightning!
The living lightning hits you!
* * * LOW HITPOINT WARNING * * *
The living lightning hits the raiju.
The raiju completely resists.
The living lightning hits the raiju.
The raiju completely resists.
The raiju blinks! x3
You closely miss the raiju. Your headbutt misses the raiju.
The raiju is heavily wounded.
The raiju bursts into living lightning!
The living lightning hits you!!
You die...

≈#. .# .# ###..
. . #.
.........# .. ≈.
# ≈##..##..###.
≈ # #≈###.. .#
..# # ≈≈≈#
#≈♣≈#. ..# ..
≈##≈.≈§.≈#...# .
. .. #.≈#.§###
####.##♣#≈X#..h#
#........h@.#
#....#...##.#
..#..#.#..###
...##.##.## .
##.. ..# ## ##.
... #.#... ....


You could see a large abomination and 2 raiju.

Vanquished Creatures
  Harold (D:8)
  Maurice (D:8)
  A troll (D:9)
  Grinder (D:6)
  2 hungry ghosts
  Grum (D:8)
  A neqoxec (Abyss:1)
  4 orc warriors
  A water moccasin (D:8)
  A black bear (D:8)
  A sky beast (D:6)
  A phantom (D:4)
  2 centaurs
  4 wolves (D:8)
  5 ogres
  3 bullfrogs
  4 scorpions
  5 killer bees (D:9)
  4 wights (D:6)
  A howler monkey (D:3)
  2 centaur zombies
  A bullfrog zombie (D:8)
  9 crimson imps
  6 hounds
  An iron imp (Abyss:1)
  4 orc priests
  A jelly (D:8)
  A gnoll shaman (D:7)
  3 bullfrog skeletons
  A centaur skeleton (D:4)
  5 iguanas
  11 orc wizards
  5 worker ants
  A killer bee zombie (D:6)
  A hound zombie (D:7)
  A hound skeleton (D:7)
  15 gnolls
  9 adders
  2 shadow imps
  An adder zombie (D:9)
  2 adder skeletons
  5 worms
  2 dart slugs
  3 leopard geckos
  29 orcs
  5 ball pythons
  12 bats
  7 giant cockroaches
  5 goblins
  7 hobgoblins
  7 jackals
  4 quokkas
  7 frilled lizards
  11 kobolds
  8 rats
238 creatures vanquished.

Notes
Turn   | Place    | Note
-------+----------+-------------------------------------------
     0 | D:1      | Balder the Minotaur Fighter began the quest for the Orb.
     0 | D:1      | Reached XP level 1. HP: 19/19 MP: 0/0
   286 | D:1      | Reached XP level 2. HP: 23/27 MP: 1/1
   709 | D:1      | Reached XP level 3. HP: 27/33 MP: 2/2
  1113 | D:2      | Reached skill level 3 in Maces & Flails
  1187 | D:2      | Reached skill level 1 in Dodging
  1626 | D:2      | Reached XP level 4. HP: 34/40 MP: 3/3
  1915 | D:3      | Reached skill level 4 in Maces & Flails
  1950 | D:3      | Reached XP level 5. HP: 26/46 MP: 4/4
  2267 | D:3      | Found a runed translucent door.
  2270 | D:3      | Noticed hawla's ghost (amateur OpFE)
  3228 | D:4      | Reached XP level 6. HP: 53/53 MP: 5/5
  3259 | D:4      | Reached skill level 5 in Maces & Flails
  3259 | D:4      | Reached skill level 5 in Armour
  3259 | D:4      | Reached skill level 5 in Shields
  3383 | D:4      | Found Lonuxeru's Assorted Antiques.
  3671 | D:4      | Reached XP level 7. HP: 60/60 MP: 6/6
  3686 | D:4      | Reached skill level 5 in Fighting
  4096 | D:5      | Entered Level 5 of the Dungeon
  4199 | D:5      | Reached skill level 6 in Maces & Flails
  4597 | D:5      | Reached skill level 7 in Maces & Flails
  5037 | D:6      | Reached XP level 8. HP: 70/70 MP: 7/7
  5081 | D:6      | Reached skill level 1 in Slings
  5146 | D:6      | Found Ucoiq's Food Shoppe.
  5348 | D:6      | Noticed Grinder
  5367 | D:6      | Killed Grinder
  5449 | D:6      | Reached skill level 8 in Maces & Flails
  5449 | D:6      | Reached skill level 1 in Throwing
  5458 | D:6      | Reached skill level 1 in Polearms
  5503 | D:6      | Found a glowing golden altar of the Shining One.
  5775 | D:6      | Found a staircase to the Ecumenical Temple.
  5793 | Temple   | Entered the Ecumenical Temple
  5939 | Temple   | Became a worshipper of Warmaster Okawaru
  6424 | D:7      | Reached XP level 9. HP: 78/78 MP: 8/8
  6586 | D:7      | Reached * piety under Okawaru
  6978 | D:7      | Reached skill level 9 in Maces & Flails
  6983 | D:7      | Found Cethraa's Lightly-Used Armoury.
  7004 | D:7      | Bought a -1 demon whip for 120 gold pieces
  7636 | D:8      | Reached ** piety under Okawaru
  7711 | D:8      | Noticed Harold
  7725 | D:8      | Noticed Grum
  7727 | D:8      | Killed Harold
  7727 | D:8      | Reached *** piety under Okawaru
  7727 | D:8      | Reached XP level 10. HP: 49/86 MP: 6/9
  7734 | D:8      | Killed Grum
  7737 | D:8      | Reached skill level 5 in Dodging
  7749 | D:8      | Reached skill level 10 in Maces & Flails
  7919 | D:8      | Noticed Maurice
  7950 | D:8      | Killed Maurice
  7950 | D:8      | Received a gift from Okawaru
  8447 | D:9      | Reached **** piety under Okawaru
  8568 | D:9      | Cast into level 1 of the Abyss (orc)
  8588 | Abyss:1  | Noticed a wretched star
  8607 | Abyss:1  | Noticed a smoke demon
  8608 | Abyss:1  | Gained mutation: [Your body sometimes deteriorates upon
                  | taking damage.] [a neqoxec]
  8689 | Abyss:1  | Noticed a smoke demon
  8690 | Abyss:1  | Noticed an eidolon
  8691 | Abyss:1  | Noticed a starcursed mass
  8695 | Abyss:1  | Noticed a tentacled starspawn
  8745 | Abyss:1  | Gained mutation: [You are extremely frail. (-30% HP)] [a
                  | neqoxec]
  8765 | Abyss:1  | Gained mutation: You occasionally shout uncontrollably at
                  | your foes. [a neqoxec]
  8782 | Abyss:1  | Noticed a wretched star
  8790 | Abyss:1  | Noticed a large abomination
  8798 | Abyss:1  | Noticed an orange demon
  8980 | Abyss:1  | Killed from afar by a raiju

Skill      XL: |  1  2  3  4  5  6  7  8  9 10 |
---------------+-------------------------------+-----
Shields        | 4 5 6 8 |  8.5
Fighting       | 4 5 6 7 |  7.6
Armour         | 4 5 6 7 8 |  8.1
Maces & Flails | 3 4 5 7 8 9 10 | 10.8
Dodging        | 1 2 3 4 5 |  5.3
Slings         | 2 3 4 |  4.1
Throwing       | 1 2 3 |  3.4
Polearms       | 1 3 4 |  4.7
Stealth        | |  0.1
Evocations     | |  0.3

Action                   |  1- 3 |  4- 6 |  7- 9 | 10-12 || total
-------------------------+-------+-------+-------+-------++-------
Melee: Flail             |   139 |   154 |   168 |       ||   461
       Headbutt          |    20 |    26 |    95 |    32 ||   173
       Mace              |       |       |    40 |       ||    40
       Morningstar       |       |       |   110 |   136 ||   246
       Whip              |       |       |    98 |       ||    98
Throw: Tomahawk          |       |       |    12 |     3 ||    15
Invok: Heroism           |       |       |       |     1 ||     1
Evoke: Wand              |       |     2 |     6 |     2 ||    10
  Use: Scroll            |       |     5 |     9 |     4 ||    18
       Potion            |       |     3 |     6 |     3 ||    12
  Eat: Chunk             |     2 |     4 |    11 |     4 ||    21
       Ration            |       |     1 |     3 |       ||     4
Armor: Scale mail        |    64 |    43 |       |       ||   107
       Chain mail        |       |    11 |   108 |       ||   119
       Plate armour      |       |       |    35 |    61 ||    96
Dodge: Dodged            |    33 |    47 |    87 |    49 ||   216
Block: Shield            |    80 |    57 |   188 |    76 ||   401
